Jass, lawful female human Valkyrie ------------- |.........<.| #............| #|...........| #............| ###|...........| # #------------- ### # ###### # #----------- ###|%........| -- #..@f....... .%%| #|.........| ----------- Jass the Skirmisher Experience level: 4 Strength: 17 Dexterity: 12 Constitution: 18 Intelligence: 11 Wisdom: 9 Charisma: 8 Health: 0(34) Energy: 5(5) Def: 8 Gold: 837 Moves: 1030 Dungeon seed: 4PKS8jtnV2adEJJK Game ID: Jass_1527861765 Your Inventory: Coins $ - 837 gold pieces Weapons a - an uncursed +1 long sword (weapon in hand) b - an uncursed +0 dagger Armor e - a blessed +3 small shield (being worn) n - an uncursed +0 scale mail (being worn) Comestibles c - 3 uncursed food rations i - 3 uncursed lichen corpses Scrolls f - an uncursed scroll of stinking cloud j - an uncursed scroll of enchant armor l - an uncursed scroll of confuse monster q - a blessed scroll of remove curse Spellbooks g - an uncursed spellbook of restore ability Potions o - an uncursed potion of water p - an uncursed potion of sleeping Wands r - a blessed wand of fire (0:3) Tools d - an uncursed oil lamp (0:1331) k - an uncursed skeleton key Spells and supernatural/magical abilities: Name Level Category Cost Memory W - pray for help -- divine ? -- Your skills at the end: Fighting Skills wands [Basic] Weapon Skills dagger [Basic] long sword [Basic] Spellcasting Skills Final Attributes: You were piously aligned. You were immune to cold. You were stealthy. Tyr was noncommittal. You are dead. Vanquished creatures: a rock mole a shrieker a kobold mummy 3 giant ants a kitten a homunculus 4 coyotes 3 manes 2 giant rats 2 cave spiders 2 geckos 2 jackals a kobold a goblin 5 lichens 2 newts 32 creatures vanquished. Voluntary challenges: You followed a strict vegan diet. You were an atheist. You used a wielded weapon 31 times, starting on turn 65. You were illiterate. You never genocided any monsters. You never polymorphed an object. You never changed form. You used no wishes. You never split a pudding. You never wrote Elbereth's name. You never violated your personal moral code. Dungeon overview: The Dungeons of Doom: levels 1 to 7 Level 1 a fountain a long staircase Level 2 Level 3 stairs to The Gnomish Mines Level 4 some fountains, a vault Level 5 some fountains, a sink Level 6 an altar to Odin, a fountain, a sink Level 7 <- You were here The Gnomish Mines: Level 4 stairs to The Dungeons of Doom History has recorded: On T:1 you entered the Dungeons of Doom to retrieve the Amulet of Yendor! On T:56 you reached level 2 of The Dungeons of Doom. On T:229 you reached level 3 of The Dungeons of Doom. On T:263 you reached level 1 of The Gnomish Mines. On T:340 you reached level 4 of The Dungeons of Doom. On T:422 you advanced to experience level 2. On T:549 you reached level 5 of The Dungeons of Doom. On T:637 you reached level 6 of The Dungeons of Doom. On T:707 you advanced to experience level 3. On T:968 you reached level 7 of The Dungeons of Doom. On T:1009 you advanced to experience level 4. Score breakdown: Gold: 837 ( 9943 points) Experience: 4 levels ( 9649 points) Exploration: 7 levels ( 13.73%) (10392 points) Discoveries: 1 item ( 0.40%) ( 1897 points) Valuables value: (no points given unless you survive) Artifact value: 0 ( 0 points) Variety of kills: 16 monsters ( 4.21%) ( 6155 points) Turncount: 1030 turns ( 0 points) Survival: died (score multiplied by 80%) Total score: 30428 Latest messages: The bolt of fire hits the giant ant! The giant ant is killed by the bolt of fire! You hear a blast. You hit the giant ant! The giant ant misses. The giant ant bites! You miss the giant ant. The giant ant bites! (4x) That is a silly thing to zap. The giant ant bites! The bolt of fire hits the giant ant! The giant ant is killed by the bolt of fire! The giant ant bites! The bolt of fire hits the giant ant! The giant ant is killed by the bolt of fire! The bolt of fire bounces! The bolt of fire hits you! Your scroll labeled JUYED AWK YACC catches fire and burns! You die... For some reason, you think that you can almost hear the Wizard laugh manically... Final status: Farvel Jass the Valkyrie, killed by a bolt of fire... You died in The Dungeons of Doom on dungeon level 7 with 30428 points, and 837 pieces of gold, after 1030 moves. You were level 4 with a maximum of 34 hit points when you died.